 Seeded DCSS version 0.27-a0-323-gbd089401bb (webtiles) character file.

Game seed: 202102081337 (custom seed)

328 muata the Chiller (level 6, -1/38 (41) HPs)
             Began as a Merfolk Ice Elementalist on Feb 8, 2021.
             Was an Initiate of Vehumet.
             Slain by a wight
             ... wielding a +0 trident
              (9 damage)
             ... on level 4 of the Dungeon on Feb 11, 2021.
             The game lasted 00:22:42 (3608 turns).

muata the Chiller (Merfolk Ice Elementalist)        Turns: 3608, Time: 00:22:42

HP:   -1/38 (41)    AC:  2    Str:  8    XL:     6   Next: 50%
MP:   1/11          EV: 14    Int: 16    God:    Vehumet [......]
Gold: 148           SH:  0    Dex: 15    Spells: 5/12 levels left

rFire    . . .     SeeInvis .   g - +0 hunting sling
rCold    . . .     Faith    .   (no shield)
rNeg     . . .     Spirit   .   a - +0 robe
rPois    .         Reflect  .   (no helmet)
rElec    .         Harm     .   (no cloak)
rCorr    .         Rampage  .   (no gloves)
Will     .....                  (no boots)
Stlth    +++.......             (no amulet)
HPRegen  0.12/turn              (no ring)
MPRegen  0.12/turn              (no ring)

@: drained
A: change form in water, swift swim, stealthy swim
a: Renounce Religion


You were on level 4 of the Dungeon.
You worshipped Vehumet.
Vehumet was noncommittal.
You visited 1 branch of the dungeon, and saw 4 of its levels.

You collected 148 gold pieces.

Inventory:

Hand Weapons
 e - a +0 mace
 g - a +0 hunting sling (weapon)
Missiles
 f - 44 stones (quivered ammo)
 k - 16 poisoned darts
Armour
 a - a +0 robe (worn)
Jewellery
 d - a ring of willpower {unknown}
Wands
 n - a wand of paralysis (2)
Scrolls
 b - 2 scrolls of teleportation {unknown}
 c - 3 scrolls of identify
 h - a scroll of enchant armour {unknown}
 l - a scroll of noise {unknown}
 m - a scroll of enchant weapon {unknown}
Potions
 i - 3 potions of curing
 j - a potion of ambrosia {unknown}
 o - a potion of invisibility {unknown}


   Skills:
 + Level 0.4 Slings
 - Level 4.6 Dodging
 - Level 4.3 Stealth
 + Level 3.5 Spellcasting
 + Level 5.6 Ice Magic


You had 5 spell levels left.
You knew the following spells:

 Your Spells              Type           Power        Failure   Level
a - Freeze                Ice            80%          1%          1
b - Frozen Ramparts       Ice            40%          5%          3
c - Ozocubu's Armour      Ice            20%          5%          3

Your spell library contained the following spells:

 Spells                   Type           Power        Failure   Level
 Hailstorm                Conj/Ice       11%          50%         4
 Summon Ice Beast         Ice/Summ       11%          50%         4


Dungeon Overview and Level Annotations

Branches:
Dungeon (4/15)
 Temple: D:4-7

Altars:
Ashenzari
Cheibriados
Dithmenos
Ru
Uskayaw
Vehumet
Zin


Message History

The stone hits the wight.
The wight is lightly damaged.
The wight misses you. The wight hits you with a +0 trident.
You feel drained.
Casting: Ozocubu's Armour (dangerous; 5% risk of failure)
Confirm with . or Enter, or press ? or * to list all spells.
You don't have enough magic to cast that spell.
Unknown command.
Casting: Ozocubu's Armour (dangerous; 5% risk of failure)
Confirm with . or Enter, or press ? or * to list all spells.
Aiming: Freeze (safe; 1% risk of failure)
Press: ? - help, Shift-Dir - straight line, f/p - wight
Aim: a wight, wielding a +0 trident and wearing a +0 robe (almost destroyed)
The wight resists.
You freeze the wight.
You destroy the wight!
Vehumet accepts your kill.
The wight hits you from afar with a +0 trident.
You feel drained.
Your icy armour will break if you move.
Continue?
Your icy armour cracks and falls away as you move.
You see here a ball python corpse.
Fire: 45 stones
Press: ? - help, Q - select action, (/) - cycle Shift-Dir - straight line, f - wight
Aim: a wight, wielding a +0 trident and wearing a +0 robe (lightly damaged, 57% to hit)
You shoot a stone.
The stone hits the wight but does no damage.
The wight is lightly damaged.
The wight hits you from afar with a +0 trident!
* * * LOW HITPOINT WARNING * * *
You feel drained.
* * * LOW HITPOINT WARNING * * *
The wight misses you.
You see here a ball python corpse.
Casting: Freeze (safe; 1% risk of failure)
Confirm with . or Enter, or press ? or * to list all spells.
Aiming: Freeze (safe; 1% risk of failure)
Press: ? - help, Shift-Dir - straight line, f/p - wight
Aim: a wight, wielding a +0 trident and wearing a +0 robe The wight completely resists.
You freeze the wight but do no damage. The wight hits you with a +0 trident!
You die...

### #<# #.# #.#
#.###############
#....@..........#
######z.........#
+......(...#
#..........# .
#..........#
#...#..........#
.............#.#
#...#######..#.#
#... ######..#.#


You could see a wight.

Vanquished Creatures
  An ogre (D:3)
  A wight (D:4)
  Ijyb (D:3)
  Natasha (twice) (D:2)
  Terence (D:2)
  2 adders (D:2)
  An ooze (D:1)
  4 worms
  3 dart slugs
  A leopard gecko (D:3)
  An orc (D:3)
  A giant cockroach (D:1)
  7 goblins
  6 hobgoblins
  4 jackals (D:2)
  2 quokkas
  3 ball pythons
  9 bats
  A frilled lizard (D:3)
  9 kobolds
  7 rats
67 creatures vanquished.

Notes
Turn   | Place    | Note
-------+----------+-------------------------------------------
     0 | D:1      | muata the Merfolk Ice Elementalist began the quest for the
                  | Orb.
     0 | D:1      | Reached XP level 1. HP: 13/13 MP: 3/3
   538 | D:1      | Reached XP level 2. HP: 19/19 MP: 1/5
  1017 | D:1      | Upgraded the game from 0.27-a0-279-gdfb9265905 to
                  | 0.27-a0-323-gbd089401bb
  1357 | D:2      | Reached XP level 3. HP: 24/24 MP: 6/6
  1691 | D:2      | Found a faded altar of an unknown god.
  1924 | D:2      | Noticed Terence
  1933 | D:2      | Killed Terence
  1934 | D:2      | Reached XP level 4. HP: 19/30 MP: 2/7
  2212 | D:2      | Noticed Natasha
  2220 | D:2      | Killed Natasha
  2221 | D:2      | Reached skill level 5 in Ice Magic
  2229 | D:2      | Learned a level 3 spell: Frozen Ramparts
  2408 | D:2      | Noticed Natasha
  2415 | D:2      | Killed Natasha
  2416 | D:2      | Reached XP level 5. HP: 35/35 MP: 6/9
  2496 | D:2      | Learned a level 3 spell: Ozocubu's Armour
  2577 | D:3      | Found a snail-covered altar of Cheibriados.
  2681 | D:3      | Noticed an ogre
  2691 | D:3      | Killed an ogre
  2692 | D:3      | Reached XP level 6. HP: 24/41 MP: 2/10
  2873 | D:3      | Found a radiant altar of Vehumet.
  2893 | D:3      | Found a broken altar of Ashenzari.
  2906 | D:3      | Became a worshipper of Vehumet
  3135 | D:3      | Found a hide-covered altar of Uskayaw.
  3180 | D:3      | Noticed Ijyb
  3188 | D:3      | Killed Ijyb
  3302 | D:3      | Found a glowing silver altar of Zin.
  3302 | D:3      | Found a sacrificial altar of Ru.
  3338 | D:3      | Found a shadowy altar of Dithmenos.
  3608 | D:4      | Slain by a wight

Illustrated notes

Levels and vault maps discovered:
D:1:      saegor_arrival_simple_c, layout_loops_ring
D:2:      layout_rooms, chequers_ecumenical_altar_twisty, uniq_terence,
          uniq_natasha
D:3:      layout_loops_ring, cheibriados_altar_1, lemuel_crystal_altar,
          old_standard_altar, ashenzari_altar_1, grunt_dithmenos_smoke,
          minitemple, uniq_ijyb
D:4:      layout_basic

Skill      XL: |  1  2  3  4  5 |
---------------+----------------+-----
Dodging        | 3 4 |  4.6
Stealth        | 3 4 |  4.3
Ice Magic      | 5 |  5.6
Spellcasting   | 3 |  3.5
Slings         | |  0.4

Action                   |  1- 3 |  4- 6 || total
-------------------------+-------+-------++-------
Melee: Unarmed           |     5 |       ||     5
 Fire: Hunting sling     |    62 |   106 ||   168
Throw: Stone             |    10 |       ||    10
 Cast: Freeze            |    42 |    33 ||    75
       Frozen Ramparts   |       |     5 ||     5
       Ozocubu's Armour  |       |     4 ||     4
  Use: Scroll            |       |     1 ||     1
Armor: Robe              |    10 |    11 ||    21
Dodge: Dodged            |    32 |    61 ||    93

Table legend: (Time is in decaauts)
 A = Elapsed time spent in this place.
 B = Non-inter-level travel time spent in this place.
 C = Inter-level travel time spent in this place.
 D = Time resting spent in this place.
 E = Time spent auto-exploring this place.
 F = Levels seen in this place.
 G = Mean time per level.
                   A        B        C        D        E       F      G
               +--------+--------+--------+--------+--------+-----+--------+
         Total |   3648 |   3569 |     79 |    940 |   1475 |   4 |  912.0 |
       Dungeon |   3648 |   3569 |     79 |    940 |   1475 |   4 |  912.0 |
               +--------+--------+--------+--------+--------+-----+--------+

Top non-repeatable levels by time:
     D:1: 1430 daAuts
     D:2: 1096 daAuts
     D:3: 1018 daAuts
     D:4: 103 daAuts
